 Dungeon Crawl Stone Soup version 0.24-a0-581-gc0fa6600bf (webtiles) character file.

Game seed: 10799815415213756861

1041 MisterOstroum the Ducker (level 8, 0/61 HPs)
             Began as a Vampire Transmuter on Aug 25, 2019.
             Was a Follower of Wu Jian.
             Slain by a four-headed hydra (7 damage)
             ... on level 6 of the Dungeon.
             The game lasted 00:27:28 (5742 turns).

MisterOstroum the Ducker (Vampire Transmuter)       Turns: 5742, Time: 00:27:29

Health: 0/61       AC:  7    Str:  9    XL:     8   Next: 4%
Magic:  20/20      EV: 15    Int: 15    God:    Wu Jian [*.....]
Gold:   248        SH:  0    Dex: 17    Spells: 6/12 levels left

rFire    . . .     SeeInvis +     - Unarmed
rCold    . . .     Gourm    .   (no shield)
rNeg     . . .     Faith    .   b - +0 robe
rPois    .         Spirit   .   g - +2 helmet
rElec    .         Reflect  .   (no cloak)
rCorr    .         Harm     .   i - +0 pair of gloves
MR       .....                  d - +0 pair of boots
Stlth    ++........             F - amulet of the acrobat
HPRegen  0.40/turn              w - ring of flight
MPRegen  0.17/turn              y - ring of magical power

@: regenerating quickly
A: no food, fangs 3, see invisible, unbreathing
a: Exsanguinate, Renounce Religion, Evoke Flight


You were on level 6 of the Dungeon.
You worshipped Wu Jian.
Wu Jian was aware of your devotion.
You were alive.

You visited 1 branch of the dungeon, and saw 6 of its levels.

You collected 248 gold pieces.

Inventory:

Hand Weapons
 c - a +0 dagger
 q - a +0 rapier
Missiles
 a - 109 arrows
 m - 5 boomerangs
 r - 98 stones (quivered)
 v - 6 poisoned darts
Armour
 b - a +0 robe (worn)
 d - a +0 pair of boots (worn)
 g - a +2 helmet (worn)
 i - a +0 pair of gloves (worn)
Jewellery
 w - a ring of flight (left hand)
 y - a ring of magical power (right hand)
 z - an uncursed ring of fire
 F - an amulet of the acrobat (around neck)
Wands
 B - a wand of acid (13)
Scrolls
 f - 2 scrolls of blinking {@r4}
 j - 2 scrolls of amnesia {unknown}
 k - 3 scrolls of teleportation {@r3 !r}
 n - a scroll of fog {unknown}
 o - 3 scrolls of fear {unknown}
 p - a scroll of enchant armour {unknown}
 s - 2 scrolls of enchant weapon {unknown}
 A - 2 scrolls of identify {@r1}
 E - 3 scrolls of remove curse {@r2}
 H - a scroll of noise {unknown}
Potions
 e - a potion of cancellation {unknown}
 h - 2 potions of flight
 l - 2 potions of lignification {unknown}
 t - a potion of ambrosia {unknown}
 u - a potion of might {unknown}
 x - a potion of resistance {unknown}
 C - 2 potions of curing {unknown}
 D - a potion of magic {unknown}
 G - 2 potions of brilliance {unknown}


   Skills:
 + Level 4.4 Fighting
 - Level 5.3 Dodging
 + Level 4.3 Unarmed Combat
 * Level 2.6 Spellcasting
 - Level 5.0 Transmutations
 - Level 3.1 Evocations


You had 6 spell levels left.
You knew the following spells:

 Your Spells              Type           Power        Failure   Level  Hunger
a - Beastly Appendage     Tmut           ###...       2%          1    N/A
b - Sticks to Snakes      Tmut           ###.....     4%          2    N/A
c - Spider Form           Tmut/Pois      #.........   22%         3    N/A

Your spell library contained the following spells:

 Spells                   Type           Power        Failure   Level  Hunger
 Ice Form                 Ice/Tmut       #.......     58%         4    N/A
 Blade Hands              Tmut           ###.......   58%         5    N/A

Dungeon Overview and Level Annotations

Branches:
Dungeon (6/15)
 Temple: D:4-7

Altars:
Dithmenos
Fedhas
Okawaru
Qazlal
Trog
Vehumet
Wu Jian
Xom
Yredelemnul


Innate Abilities, Weirdness & Mutations

You do not eat.
Your natural rate of healing is unusually fast.
You have razor-sharp teeth.
You have supernaturally acute eyesight. (SInv)
You can survive without breathing.


Message History

You turn into a venomous arachnid creature.
Your +2 helmet melds into your body.
Your +0 pair of gloves melds into your body.
Your +0 pair of boots melds into your body.
Your +0 robe melds into your body.
You lunge at the scorpion.
You bite the scorpion!
The scorpion looks as sick as possible!
The scorpion is heavily wounded.
The scorpion completely misses you.
You hit the scorpion.
The scorpion looks as sick as possible!
The scorpion is almost dead.
You kill the scorpion!
The Council accepts your kill.
You have reached level 8!
Your transformation is almost over.
Your transformation has ended.
Your +2 helmet unmelds from your body.
Your +0 pair of gloves unmelds from your body.
Your +0 pair of boots unmelds from your body.
Your +0 robe unmelds from your body.
Found a ration.
r - 98 stones (gained 16)
H - a scroll labeled QEDDUA HAAPO As you open the door, it creaks loudly!
There is an open door here.
Found a quokka corpse.
E - 3 scrolls of remove curse {@r2} (gained 1)
A four-headed hydra comes into view.
A four-headed hydra is nearby!
There are no items here.
Found a stone staircase leading down.
You see here a ration.
You open the door.
Found a stormy altar of Qazlal.
There is an open door here.
There is a stormy altar of Qazlal here.
You open the door.
There is an open door here.
A crimson imp comes into view.
The crimson imp shouts!
The crimson imp blinks!
Casting: Spider Form (safe; 22% risk of failure)
Confirm with . or Enter, or press ? or * to list all spells.
You turn into a venomous arachnid creature.
Your +2 helmet melds into your body.
Your +0 pair of gloves melds into your body.
Your +0 pair of boots melds into your body.
Your +0 robe melds into your body.
The crimson imp completely misses you.
You barely miss the crimson imp. The crimson imp completely misses you.
You barely miss the crimson imp.
The crimson imp blinks!
The crimson imp completely misses you.
Unknown command.
You hit the crimson imp but do no damage.
The crimson imp blinks!
You hit the crimson imp.
The crimson imp is lightly wounded.
Your transformation is almost over.
The crimson imp barely misses you.
You closely miss the crimson imp.
The crimson imp is lightly wounded.
The crimson imp completely misses you.
You miss the crimson imp. The crimson imp closely misses you.
You hit the crimson imp.
The crimson imp is moderately wounded.
The crimson imp misses you.
You barely miss the crimson imp.
The crimson imp is lightly wounded.
You bite the crimson imp!
You kill the crimson imp!
The Council accepts your kill.
No target in view!
No target in view!
Your transformation has ended.
Your +2 helmet unmelds from your body.
Your +0 pair of gloves unmelds from your body.
Your +0 pair of boots unmelds from your body.
Your +0 robe unmelds from your body.
Unknown command.
Magic restored.
You open the door.
There is an open door here.
l - 2 fuming golden potions (gained 1)
The four-headed hydra is too close now for your liking.
The four-headed hydra roars!
Casting: Spider Form (safe; 22% risk of failure)
Confirm with . or Enter, or press ? or * to list all spells.
Okay, then.
Keep bloodletting?
You begin bloodletting.
You continue bloodletting. x2
The four-headed hydra bites you! The four-headed hydra misses you.
The four-headed hydra bites you but does no damage.
The four-headed hydra bites you!
You continue bloodletting.
The four-headed hydra bites you.
The four-headed hydra barely misses you.
The four-headed hydra bites you! x2
* * * LOW HITPOINT WARNING * * *
You continue bloodletting.
The four-headed hydra bites you!
You die...

#.# ≈≈.. #.... #.#
#≈..♣ #....
#.###.........#+#+
#......♣. .♣..
#............†
#....#≈..♣..≈#
#....# ≈...≈
#.D..###...#
#@##......#
#.######### #.#
#.# #.# #.# #.#
... #.#


You could see a four-headed hydra.

Vanquished Creatures
  An ogre (D:6)
  A centaur (D:4)
  A bullfrog (D:4)
  3 scorpions
  A water moccasin skeleton (D:4)
  A howler monkey (D:4)
  A bullfrog zombie (D:5)
  A crimson imp (D:6)
  A hound (D:5)
  3 iguanas
  4 worker ants
  A hound zombie (D:5)
  A hound skeleton (D:4)
  7 gnolls
  12 adders
  A shadow imp (D:5)
  An ooze (D:4)
  2 worms (D:2)
  2 dart slugs
  7 leopard geckos
  10 orcs
  9 bats
  4 giant cockroaches
  2 hobgoblins
  7 jackals
  9 kobolds
  4 quokkas
  2 frilled lizards
  5 goblins
  A leopard gecko skeleton (D:4)
  A quokka skeleton (D:6)
  3 rats
109 creatures vanquished.

Vanquished Creatures (collateral kills)
  A kobold (D:2)
1 creature vanquished.

Vanquished Creatures (others)
  A quokka (D:6)
1 creature vanquished.

Grand Total: 111 creatures vanquished

Notes
Turn   | Place    | Note
-------+----------+-------------------------------------------
     0 | D:1      | MisterOstroum the Vampire Transmuter began the quest for
                  | the Orb.
     0 | D:1      | Reached XP level 1. HP: 14/14 MP: 3/3
   159 | D:1      | Reached XP level 2. HP: 18/20 MP: 3/5
   163 | D:1      | Learned a level 2 spell: Sticks to Snakes
   724 | D:2      | Found a bloodstained altar of Trog.
   953 | D:2      | Reached XP level 3. HP: 12/25 MP: 2/6
  1032 | D:1      | Learned a level 3 spell: Spider Form
  1510 | D:2      | Found a radiant altar of Vehumet.
  1605 | D:2      | Reached XP level 4. HP: 27/31 MP: 0/7
  1887 | D:3      | Reached skill level 5 in Transmutations
  1979 | D:3      | Reached skill level 1 in Fighting
  2046 | D:3      | Found an iron altar of Okawaru.
  2396 | D:3      | Reached XP level 5. HP: 35/39 MP: 5/8
  2722 | D:3      | Found an iron altar of Okawaru.
  3124 | D:4      | Reached XP level 6. HP: 44/48 MP: 4/9
  3173 | D:4      | Found a shimmering altar of Xom.
  3253 | D:4      | Found an ornate altar of the Wu Jian Council.
  3270 | D:4      | Became a worshipper of the Wu Jian Council
  3348 | D:4      | Found a basalt altar of Yredelemnul.
  3942 | D:4      | Reached skill level 1 in Evocations
  4103 | D:4      | Found a blossoming altar of Fedhas.
  4153 | D:5      | Entered Level 5 of the Dungeon
  4239 | D:4      | Reached XP level 7. HP: 38/54 MP: 10/10
  4673 | D:5      | Found a shadowy altar of Dithmenos.
  5026 | D:5      | Reached * piety under Wu Jian
  5359 | D:6      | Reached skill level 5 in Dodging
  5555 | D:6      | Reached XP level 8. HP: 61/61 MP: 11/11
  5602 | D:6      | Noticed a four-headed hydra
  5683 | D:6      | Found a stormy altar of Qazlal.
  5742 | D:6      | Slain by a four-headed hydra

Levels and vault maps discovered:
D:1:      lemuel_arrival_muddy, layout_basic
D:2:      layout_basic, lemuel_round_altar, bloody_trog,
          hangedman_decor_clover_reticule, corner_web_ring,
          minmay_misc_feat_tiny
D:3:      layout_basic, nicolae_overflow_crystal_walls, first_ration,
          okawaru_trees_2
D:4:      layout_cave_pods, yredelemnul_altar_generic, fedhas_altar_2,
          kennysheep_little_box, old_standard_altar,
          minmay_fractal_squares_diagonal_5
D:5:      layout_cave_pods, kennysheep_mini
D:6:      layout_basic, lemuel_doored_altar, led_sif_book, elyvilon_altar_4,
          minmay_temple_entry_antechambers

Skill      XL: |  1  2  3  4  5  6  7 |
---------------+----------------------+-----
Transmutations | 3 4 5 |  5.0
Fighting       | 2 4 |  4.4
Unarmed Combat | 4 |  4.3
Evocations     | 2 3 |  3.1
Dodging        | 5 |  5.3
Spellcasting   | |  2.6

Action                   |  1- 3 |  4- 6 |  7- 9 || total
-------------------------+-------+-------+-------++-------
Melee: Unarmed           |   105 |    94 |   127 ||   326
       Headbutt          |     5 |     1 |       ||     6
       Dagger            |     2 |       |       ||     2
       Bite              |     6 |    13 |     6 ||    25
       Punch             |     1 |     1 |       ||     2
       Rapier            |     3 |   118 |       ||   121
Throw: Stone             |       |    28 |    12 ||    40
       Dart              |       |    11 |       ||    11
 Cast: Beastly Appendage |    10 |     1 |       ||    11
       Sticks to Snakes  |     6 |     2 |       ||     8
       Spider Form       |     5 |    12 |    14 ||    31
Invok: Lunge             |       |     1 |    10 ||    11
 Abil: End Transformatio |       |     1 |       ||     1
       Exsanguinate      |       |       |     1 ||     1
  Use: Scroll            |       |     7 |     1 ||     8
 Stab: Sleeping          |     2 |       |     3 ||     5
Armor: Robe              |    23 |    49 |    11 ||    83
       Skin              |     3 |     4 |     4 ||    11
Dodge: Dodged            |    91 |   183 |   124 ||   398

Table legend:
 A = Non-vault XP
 B = Vault XP
 C = Vault XP percentage of total XP
 D = Non-vault monster count
 E = Vault monster count
 F = Vault count percentage of total count
                 A         B        C        D         E       F
            +---------+---------+-------+---------+---------+-------
      Total |    1439 |      49 |   3.3 |     107 |       3 |   2.7
            +---------+---------+-------+---------+---------+-------
        D:1 |      21 |       0 |   0.0 |      11 |       0 |   0.0
        D:2 |      96 |       0 |   0.0 |      21 |       0 |   0.0
        D:3 |     137 |       0 |   0.0 |      27 |       0 |   0.0
        D:4 |     448 |      49 |   9.9 |      16 |       3 |  15.8
        D:5 |     413 |       0 |   0.0 |      22 |       0 |   0.0
        D:6 |     324 |       0 |   0.0 |      10 |       0 |   0.0
            +---------+---------+-------+---------+---------+-------
